 Dungeon Crawl Stone Soup version 0.30.0-19-g36f170ea60 (webtiles) character file.

Game seed: 1437254199043626263

21 sampeng1 the Chopper (level 2, -1/24 HPs)
             Began as a Demigod Reaver on May 27, 2023.
             Slain by Sigmund
             ... wielding a +0 scythe
              (7 damage)
             ... on level 2 of the Dungeon.
             The game lasted 00:04:55 (718 turns).

sampeng1 the Chopper (Demigod Reaver)                Turns: 718, Time: 00:04:55

Health: -1/24      AC:  3    Str: 13    XL:     2   Next: 48%
Magic:  5/7        EV: 11    Int: 15    God:
Gold:   33         SH:  0    Dex: 12    Spells: 3/5 levels left

rFire   . . .        a - +0 hand axe
rCold   . . .        (no shield)
rNeg    . . .        b - +0 leather armour
rPois   .            (no helmet)
rElec   .            (no cloak)
rCorr   .            (no gloves)
SInv    .            (no boots)
Will    .....        (no amulet)
Stlth   +            (no ring)
HPRegen 0.24/turn    (no ring)
MPRegen 0.10/turn

%: no passive effects
@: no status effects
A: high MP 1, forlorn, divine attributes
a: no special abilities


You were on level 2 of the Dungeon.
You visited 1 branch of the dungeon, and saw 2 of its levels.

You collected 33 gold pieces.

Inventory:

Hand Weapons
 a - a +0 hand axe (weapon)
Armour
 b - a +0 leather armour (worn)
 e - a +0 scale mail
Scrolls
 d - a scroll of enchant weapon
 g - a scroll of identify
 i - a scroll of teleportation {unknown}
Potions
 c - 3 potions of attraction
 f - a potion of degeneration {unknown}
 h - a potion of heal wounds {unknown}


   Skills:
 + Level 1.9 Fighting
 + Level 2.9 Axes
 + Level 0.6 Armour
 + Level 2.0 Dodging
 + Level 2.0 Spellcasting
 + Level 2.8 Conjurations


You had 3 spell levels left.
You knew the following spells:

 Your Spells              Type           Power      Damage    Failure   Level
a - Kiss of Death         Conj/Necr      20%        2d7       16%         1
b - Foxfire               Conj/Fire      20%        2x1d5     16%         1

Your spell library contained the following spells:

 Spells                   Type           Power      Damage    Failure   Level
 Magic Dart               Conj           40%        1d5       9%          1
 Momentum Strike          Conj/Tloc      10%        3d8       24%         2
 Sting                    Tmut/Pois      4%         1d3       28%         1
 Summon Small Mammal      Summ           4%         N/A       28%         1
 Poisonous Vapours        Pois/Air       2%         N/A       38%         2
 Hailstorm                Conj/Ice       5%         3d4       43%         3
 Call Canine Familiar     Summ           1%         N/A       63%         3
 Summon Guardian Golem    Hex/Summ       1%         N/A       63%         3
 Olgreb's Toxic Radiance  Pois           1%         N/A       95%         4
 Conjure Ball Lightning   Conj/Air       2%         3x3d6     100%        6


Dungeon Overview and Level Annotations

Branches:
Dungeon (2/15)

Annotations:
D:2 Sigmund


Innate Abilities, Weirdness & Mutations

You have an increased reservoir of magic. (+10% MP)
You shall have no god before yourself.
Your divine heritage dramatically boosts your attributes as you level up.


Message History

Found a scroll labelled NAIFEU MANOCWA.
You see here a +0 hand axe.
i - a scroll labelled NAIFEU MANOCWA
Okay, then.
c - 3 potions of attraction (gained 2)
A ball python and a worm come into view.
Found 4 poisoned darts.
The ball python hisses angrily.
Sigmund the Dreaded comes into view.
He is wielding a +0 scythe and wearing a +2 robe of cold resistance.
Casting: Foxfire (safe; 16% risk of failure)
Confirm with . or Enter, or press ? or * to list all spells.
You conjure some foxfire!
Sigmund casts a spell.
Sigmund flickers and vanishes!
Deactivating autopickup; reactivate with Ctrl-A.
The foxfire hits the ball python.
The ball python is severely wounded.
You hit the ball python.
You kill the ball python!
Your Spellcasting skill increases to level 2!
Casting: Foxfire (safe; 16% risk of failure)
Confirm with . or Enter, or press ? or * to list all spells.
You conjure some foxfire!
The foxfire hits the worm.
The worm is lightly wounded.
Your foxfire dissipates!
Casting: Foxfire (safe; 16% risk of failure)
Confirm with . or Enter, or press ? or * to list all spells.
You conjure some foxfire!
A worm is nearby!
Your foxfire dissipates!
The foxfire hits the worm.
The worm is moderately wounded.
You barely miss the worm.
The worm is lightly wounded.
Something hits you! The worm bites you!
* * * LOW HITPOINT WARNING * * *
You hit the worm.
The worm is moderately wounded.
Something hits you!
You die... # #. #..#################### #....w@................ ##.#################### #. # .. # .. # .. # ( # # #

You could see a worm.

Vanquished Creatures
  3 bats (D:1)
  2 endoplasms (D:1)
  A giant cockroach (D:1)
  4 goblins (D:1)
  A hobgoblin (D:1)
  2 kobolds (D:1)
  2 ball pythons
  5 rats (D:1)
20 creatures vanquished.

Vanquished Creatures (others)
  15 foxfires
15 creatures vanquished.

Grand Total: 35 creatures vanquished

Notes
Turn   | Place    | Note
-------+----------+-------------------------------------------
     0 | D:1      | sampeng1 the Demigod Reaver began the quest for the Orb.
     0 | D:1      | Reached XP level 1. HP: 17/17 MP: 5/5
    81 | D:1      | Got the Anthology of Toxicants and Momentum
    84 | D:1      | Learned a level 1 spell: Foxfire
   252 | D:1      | Reached XP level 2. HP: 24/24 MP: 5/7
   708 | D:2      | Noticed Sigmund
   718 | D:2      | Slain by Sigmund

Illustrated notes

Levels and vault maps discovered:
D:1:      erik_arrival_blinker_ship, layout_rooms
D:2:      layout_basic, basic_altar, nicolae_concentric_dashed_squares_wild,
          minmay_fractal_squares_gapless_5, uniq_jessica, uniq_sigmund

Skill      XL: |  1  2 |
---------------+-------+-----
Dodging        | 2 |  2.0
Spellcasting   | 2 |  2.0
Fighting       | |  1.9
Axes           | |  2.9
Armour         | |  0.6
Conjurations   | |  2.8

Action                     || total
---------------------------++-------
  Melee: Hand axe          ||    39
   Cast: Foxfire           ||    12
    Use: Scroll            ||     3
         Potion            ||     1
   Stab: Sleeping          ||     1
 Armour: Leather armour    ||    11
  Dodge: Dodged            ||    29
